 Dungeon Crawl Stone Soup version 0.29.1-2-gbd0b4ee654 (webtiles) character file.

Game seed: 5149085541320061914

24 zeram the Ducker (level 2, 0/16 HPs)
             Began as a Spriggan Fighter on Nov 12, 2022.
             Succumbed to an adder's poison
             ... on level 2 of the Dungeon.
             The game lasted 00:02:04 (1713 turns).

zeram the Ducker (Spriggan Fighter)                 Turns: 1713, Time: 00:02:05

Health: 0/16       AC:  2    Str: 12    XL:     2   Next: 79%
Magic:  4/4        EV: 17    Int:  9    God:
Gold:   40         SH:  6    Dex: 14    Spells: 2/2 levels left

rFire   . . .      SeeInvis +   a - +0 rapier
rCold   . . .      Faith    .   c - +0 buckler
rNeg    . . .      Spirit   .   b - +0 robe
rPois   .          Reflect  .   (helmet restricted)
rElec   .          Harm     .   (no cloak)
rCorr   .          Rampage  .   (gloves unavailable)
Will    .....                   (boots unavailable)
Stlth   +.........              (no amulet)
HPRegen 0.05/turn               (no ring)
MPRegen 0.09/turn               (no ring)

@: lethally poisoned (0 -> -8), very quick
A: very small, no large weapons, unfitting armour, see invisible, speed 3
a: no special abilities


You were on level 2 of the Dungeon.
You visited 1 branch of the dungeon, and saw 2 of its levels.

You collected 40 gold pieces.

Inventory:

Hand Weapons
 a - a +0 rapier (weapon)
Armour
 b - a +0 robe (worn)
 c - a +0 buckler (worn)
Scrolls
 d - a scroll of fear {unknown}
 f - 2 scrolls of noise {unknown}
 g - a scroll of immolation {unknown}
 h - 4 scrolls of identify {unknown}
 j - a scroll of enchant armour {unknown}
Potions
 e - 2 potions of curing {unknown}
 i - 2 potions of flight {unknown}


   Skills:
 - Level 2.4 Fighting
 + Level 2.4 Short Blades
 + Level 4.4 Dodging
 * Level 2.6 Shields
 * Level 0.9 Spellcasting


You had 2 spell levels left.
You didn't know any spells.
Your spell library contained the following spells:

 Spells                   Type           Power      Damage    Failure   Level
 Sandblast                Erth           0%         2d4       61%         1
 Passwall                 Tmut/Erth      0%         N/A       75%         2
 Stone Arrow              Conj/Erth      0%         3d7       93%         3


Dungeon Overview and Level Annotations

Branches:
Dungeon (2/15)

Altars:


Innate Abilities, Weirdness & Mutations

You are very small and have problems with some larger weapons.
You are too small for most types of armour.
You have supernaturally acute eyesight. (SInv)
You cover ground extremely quickly. (Speed+++)


Message History

There is a stone staircase leading down here.
You climb downwards.
Found 13 gold pieces and a tubular iron ring.
There is a stone staircase leading up here.
An adder is nearby!
An adder is nearby!
An adder is nearby!
An adder is nearby!
An adder is nearby!
The adder hisses angrily.
Found a faded altar of an unknown god.
You barely miss the adder. The adder bites you.
You hit the adder.
The adder is heavily wounded.
The adder completely misses you. The adder barely misses you.
You hit the adder.
The adder is severely wounded.
You block the adder's attack.
You hit the adder but do no damage.
The adder is severely wounded.
You block the adder's attack. The adder bites you.
You are poisoned.
The adder poisons you!
You are too injured to fight recklessly!
You are too injured to fight recklessly!
You are too injured to fight recklessly!
You are too injured to fight recklessly!
You are too injured to fight recklessly!
You barely miss the adder.
The adder is severely wounded.
You feel sick. You block the adder's attack.
You miss the adder.
The adder is severely wounded.
You feel sick. The adder misses you. The adder bites you.
* * * LOW HITPOINT WARNING * * *
You are more poisoned.
The adder poisons you!
You miss the adder.
The adder is severely wounded.
You die...

##.=. ... ... ....
..#.#.. #..# #
....#.. #..# .#
....... #..##.#
....... #..<..#
.w... #$..#.#
#.#..########...# #
#........w†<#.@.#
#.....#######.S...#
#.#.#.# #.....# #
#.#.. #.....# . ...
........ .. ..##
##.....##. .. .###
#.....# . ... .
......_


You could see an adder.

Vanquished Creatures
  3 bats (D:1)
  An endoplasm (D:1)
  2 goblins (D:1)
  2 hobgoblins (D:1)
  4 jackals (D:2)
  2 kobolds (D:1)
  3 ball pythons (D:1)
  3 frilled lizards (D:1)
  2 rats (D:1)
22 creatures vanquished.

Vanquished Creatures (others)
  4 toadstools (D:1)
4 creatures vanquished.

Grand Total: 26 creatures vanquished

Notes
Turn   | Place    | Note
-------+----------+-------------------------------------------
     0 | D:1      | zeram the Spriggan Fighter began the quest for the Orb.
     0 | D:1      | Reached XP level 1. HP: 11/11 MP: 2/2
   355 | D:2      | Reached XP level 2. HP: 10/16 MP: 3/3
  1706 | D:2      | Found a faded altar of an unknown god.
  1713 | D:2      | Succumbed to an adder's poison

Illustrated notes

Levels and vault maps discovered:
D:1:      ldierk_walled_garden_2, layout_basic, hex_large
D:2:      layout_basic, basic_ecumenical_altar, minmay_misc_feat_x,
          minmay_surrounded, uniq_jessica, uniq_natasha

Action                   || total
-------------------------++-------
Melee: Rapier            ||    67
  Use: Potion            ||     1
Armor: Robe              ||     6
Dodge: Dodged            ||    57
Block: Buckler           ||    18
